 Dungeon Crawl Stone Soup version 0.23.2-1-ga50397a (webtiles) character file.

Game seed: 11906272861670277744

3545 Kahsius the Cleaver (level 9, -22/82 HPs)
             Began as a Minotaur Berserker on May 1, 2019.
             Was a High Priest of Trog.
             Annihilated by an orc warlord
             ... wielding a +0 dire flail
              (58 damage)
             ... in a bailey.
             The game lasted 00:14:01 (6220 turns).

Kahsius the Cleaver (Minotaur Berserker)            Turns: 6220, Time: 00:14:02

Health: -22/82     AC: 10    Str: 25    XL:     9   Next: 83%
Magic:  2/2        EV: 11    Int:  4    God:    Trog [*****.]
Gold:   251        SH:  3    Dex: 13    Spells: 8/8 levels left

rFire    . . .     SeeInvis .   I - +2 war axe (antimagic)
rCold    . . .     Gourm    .   A - +0 buckler
rNeg     . . .     Faith    .   g - +0 chain mail
rPois    .         Spirit   .   (helmet restricted)
rElec    .         Reflect  .   (no cloak)
rCorr    .         Harm     .   (no gloves)
MR       .....                  (no boots)
Stlth    ..........             (no amulet)
HPRegen  0.23/turn              u - +3 ring of strength
MPRegen  0.08/turn              (no ring)

@: berserk cooldown, slowed, very slow
A: retaliatory headbutt, horns 2
a: Berserk, Trog's Hand, Brothers in Arms, Renounce Religion


You were in a bailey.
You worshipped Trog.
Trog was extremely pleased with you.
You were very hungry.

You visited 1 branch of the dungeon, and saw 7 of its levels.
You also visited: Bailey.

You collected 251 gold pieces.

Inventory:

Hand Weapons
 a - a +0 hand axe
 C - a +0 war axe
 I - a +2 antimagic war axe (weapon)
Armour
 b - a +0 animal skin
 g - a +0 chain mail (worn)
 A - a +0 buckler (worn)
Jewellery
 e - an uncursed amulet of the acrobat
 q - an uncursed amulet of the gourmand
 u - a +3 ring of strength (left hand)
 G - an uncursed ring of ice
Wands
 y - a wand of flame (17)
Scrolls
 f - 2 scrolls of enchant weapon {unknown}
 i - 6 scrolls of teleportation {unknown}
 j - a scroll of summoning {unknown}
 k - a scroll of fog {unknown}
 o - a scroll of noise {unknown}
 r - 2 scrolls of amnesia {unknown}
 z - 3 scrolls of magic mapping {unknown}
 F - 2 scrolls of remove curse {unknown}
 H - a scroll of blinking {unknown}
 J - a scroll of identify
Potions
 d - 2 potions of heal wounds
 h - 4 potions of brilliance
 l - a potion of mutation {unknown}
 m - 3 potions of lignification
 n - 3 potions of haste {unknown}
 p - a potion of invisibility {unknown}
 s - 2 potions of agility {unknown}
 t - a potion of cancellation {unknown}
 v - 2 potions of flight {unknown}
 w - a potion of berserk rage {unknown}
 x - 2 potions of curing {unknown}
 B - a potion of degeneration {unknown}
 D - 2 potions of might {unknown}
 K - 3 potions of resistance {unknown}
Comestibles
 c - 11 rations
 E - 35 chunks of flesh


   Skills:
 + Level 8.4 Fighting
 * Level 11.1 Axes
 + Level 7.9 Armour
 + Level 7.2 Dodging


You had 8 spell levels left.
You didn't know any spells.
Your spell library was empty.

Dungeon Overview and Level Annotations

Branches:
Dungeon (7/15)             Temple (0/1) D:5

Altars:
Okawaru
Trog

Shops:
D:6 %

Annotations:
D:6 Prince Ribbit


Innate Abilities, Weirdness & Mutations

You reflexively headbutt those who attack you in melee.
You have a pair of horns on your head.


Message History

You hit the orc warlord but do no damage.
Your headbutt misses the orc warlord.
The orc warlord is heavily wounded.
Your skin stops crawling.
You feel less resistant to hostile enchantments.
The orc warrior no longer looks unusually strong. x2
You block the orc warlord's attack.
The orc warlord roars a battlecry!
The orcs go into a battle-frenzy!
Your shield and chain mail prevent you from hitting the orc warlord.
You headbutt the orc warlord, but do no damage.
The orc warlord is heavily wounded.
The orc knight roars a battlecry!
The orc warlord goes into a battle-frenzy!
You block the orc warlord's attack.
You completely miss the orc warlord. You headbutt the orc warlord!
The orc warlord is heavily wounded.
The orc warlord hits you with a +0 dire flail!!!
Ouch! That really hurt!
You die...

.........#...........#
.........#...........#
).......###.........###
#.....###.###.....#)#.###
###.###
....###.###))...### ..###
......###.........## ...#
......##8..........# ...#
.....oo#8..........# ...#
.....ooo@....⌠....∩# ...#
.....oo#8..........# ...#
......##8..........#
..###
......###.........##
###.###
....###.###.....###
#.....###.###.....#'#.###
.)......###......)))###
...).....#.......))).#
.........#...))......#


You could see an orc warlord, 2 orc knights, 3 orc warriors and an orc.

Vanquished Creatures
  Sigmund (D:3)
  Edmund (D:5)
  12 orc warriors (Bailey)
  2 sky beasts
  A necrophage (D:4)
  A phantom (D:4)
  2 centaurs
  5 ogres
  A big kobold (D:6)
  A bullfrog (D:6)
  A water moccasin zombie (D:6)
  2 scorpions
  A centaur zombie (D:6)
  2 bullfrog zombies (D:6)
  A hound (D:4)
  A bullfrog skeleton (D:6)
  2 orc priests
  A gnoll shaman (D:7)
  An orc wizard (D:7)
  2 iguanas
  Ijyb (D:5)
  4 worker ants
  Robin (D:4)
  8 adders
  18 gnolls
  A shadow imp (D:6)
  An ooze (D:2)
  An adder zombie (D:6)
  An adder skeleton (D:4)
  3 worms
  3 dart slugs
  5 leopard geckos
  28 orcs
  3 ball pythons
  8 bats
  11 giant cockroaches
  27 goblins
  27 hobgoblins
  9 jackals
  14 kobolds
  3 quokkas (D:2)
  10 frilled lizards
  A jackal skeleton (D:4)
  A quokka zombie (D:7)
  8 rats
238 creatures vanquished.

Notes
Turn   | Place    | Note
-------+----------+-------------------------------------------
     0 | D:1      | Kahsius the Minotaur Berserker began the quest for the Orb.
     0 | D:1      | Reached XP level 1. HP: 19/19 MP: 0/0
   367 | D:1      | Reached XP level 2. HP: 27/27 MP: 1/1
   377 | D:1      | Reached skill level 4 in Axes
   533 | D:1      | Reached ** piety under Trog
   896 | D:2      | Reached XP level 3. HP: 29/33 MP: 2/2
  1185 | D:2      | You fall through a shaft!
  1231 | D:3      | Reached XP level 4. HP: 27/40 MP: 3/3
  1365 | D:3      | Noticed Sigmund
  1374 | D:3      | Killed Sigmund
  1374 | D:3      | Reached skill level 5 in Axes
  1374 | D:3      | Reached XP level 5. HP: 47/47 MP: 4/4
  1402 | D:3      | Reached XP level 6. HP: 18/55 MP: 5/5
  1959 | D:2      | Reached skill level 6 in Axes
  2183 | D:2      | Reached *** piety under Trog
  2823 | D:4      | Reached skill level 5 in Fighting
  2949 | D:4      | Noticed Robin
  2961 | D:4      | Reached XP level 7. HP: 55/61 MP: 6/6
  2969 | D:4      | Reached skill level 7 in Axes
  2971 | D:4      | Killed Robin
  2981 | D:4      | Reached **** piety under Trog
  3359 | D:5      | Entered Level 5 of the Dungeon
  3363 | D:5      | Reached skill level 5 in Armour
  3433 | D:5      | Noticed Ijyb
  3455 | D:5      | Killed Ijyb
  3632 | D:5      | Found a staircase to the Ecumenical Temple.
  3711 | D:5      | Reached skill level 8 in Axes
  3711 | D:5      | Reached skill level 5 in Dodging
  3711 | D:5      | Reached XP level 8. HP: 30/70 MP: 7/7
  4301 | D:5      | Noticed Edmund
  4308 | D:5      | Killed Edmund
  4605 | D:6      | Noticed Prince Ribbit
  4609 | D:6      | Found Azauzic's Food Shoppe.
  4630 | D:6      | Reached skill level 9 in Axes
  4937 | D:6      | Found a bloodstained altar of Trog.
  5276 | D:6      | Found an iron altar of Okawaru.
  5470 | D:7      | Reached XP level 9. HP: 67/79 MP: 8/8
  5561 | D:7      | Reached ***** piety under Trog
  5611 | D:7      | Found a flagged portal.
  5620 | Bailey   | Entered a bailey
  5640 | Bailey   | Received a gift from Trog
  5642 | Bailey   | Reached skill level 10 in Axes
  6193 | Bailey   | Noticed an orc warlord
  6194 | Bailey   | Noticed an orc knight
  6196 | Bailey   | Noticed an orc knight
  6200 | Bailey   | Reached skill level 11 in Axes
  6220 | Bailey   | Annihilated by an orc warlord

Skill      XL: |  1  2  3  4  5  6  7  8  9 |
---------------+----------------------------+-----
Axes           | 4 5 6 8 9 11 | 11.1
Fighting       | 4 5 6 7 8 |  8.4
Armour         | 3 4 5 6 7 |  7.9
Dodging        | 3 4 5 6 7 |  7.2

Action                   |  1- 3 |  4- 6 |  7- 9 || total
-------------------------+-------+-------+-------++-------
Melee: Hand axe          |    90 |   138 |   113 ||   341
       Headbutt          |    14 |    19 |    75 ||   108
       War axe           |       |       |   200 ||   200
Invok: Berserk           |       |     1 |    11 ||    12
       Trog's Hand       |       |     1 |     1 ||     2
  Use: Scroll            |       |     3 |     3 ||     6
  Eat: Chunk             |     1 |     6 |    18 ||    25
       Ration            |       |       |     1 ||     1
Armor: Chain mail        |    49 |    72 |    91 ||   212
Dodge: Dodged            |    41 |    61 |   119 ||   221
Block: Buckler           |       |       |    28 ||    28
